 Dungeon Crawl Stone Soup version 0.27.1 (webtiles) character file.

Game seed: 3713026312562502669

2739 Gwenloh the Cleaver (level 9, -4/82 HPs)
             Began as a Hill Orc Monk on Aug 29, 2021.
             Was a Believer of Beogh.
             Killed from afar by Erica (24 damage)
             ... with a bolt of poison
             ... on level 7 of the Dungeon.
             The game lasted 00:30:49 (9677 turns).

Gwenloh the Cleaver (Hill Orc Monk)                 Turns: 9677, Time: 00:30:50

Health: -4/82      AC: 16    Str: 14    XL:     9   Next: 68%
Magic:  12/12      EV: 10    Int: 10    God:    Beogh [**....]
Gold:   122        SH:  0    Dex: 23    Spells: 8/8 levels left

rFire    . . .     SeeInvis .   a - +3 battleaxe (flame)
rCold    . . .     Faith    .   (shield currently unavailable)
rNeg     . . .     Spirit   .   L - +1 scale mail of Trial and Error {-Cast rCorr Dex+7}
rPois    .         Reflect  .   (no helmet)
rElec    .         Harm     .   u - +0 cloak
rCorr    +         Rampage  .   g - +0 pair of gloves
Will     .....     NoCast   +   p - +0 pair of boots
Stlth    +.........             P - amulet of magic regeneration
HPRegen  0.23/turn              N - +4 ring of protection
MPRegen  0.38/turn              (no ring)

@: lethally poisoned (-4 -> -22), slowed, very slow
A: no striking features
a: Renounce Religion, Smiting


You were on level 7 of the Dungeon.
You worshipped Beogh.
Beogh was pleased with you.
You visited 2 branches of the dungeon, and saw 9 of its levels.

You collected 461 gold pieces.
You spent 339 gold pieces at shops.

Inventory:

Hand Weapons
 a - a +3 battleaxe of flaming (weapon)
 b - the +6 hunting sling of Fofrimatz {venom, rF+ rN+}
   (You found it on level 6 of the Dungeon)

   Any ammunition fired from it poisons the flesh of those it strikes.
   rF:        It protects you from fire.
   rN:        It protects you from negative energy.
 I - a +0 arbalest
Missiles
 f - 101 sling bullets
 j - 4 javelins
 m - 273 stones
 r - 64 bolts
 w - 12 boomerangs
Armour
 g - a +0 pair of gloves (worn)
 p - a +0 pair of boots (worn)
 u - a +0 cloak (worn)
 y - a +0 scale mail
 L - the +1 scale mail of Trial and Error (worn) {-Cast rCorr Dex+7}
   (You found it on level 4 of the Dungeon)

   Dex:       It affects your dexterity (+7).
   -Cast:     It prevents spellcasting.
   rCorr:     It protects you from acid and corrosion.
Jewellery
 N - a +4 ring of protection (left hand)
 P - an amulet of magic regeneration (around neck)
Wands
 o - a wand of mindburst (2)
 D - a wand of flame (20) (quivered)
Scrolls
 d - 2 scrolls of blinking
 h - a scroll of silence
 k - a scroll of fog
 l - a scroll of teleportation
 n - 3 scrolls of fear
 s - 2 scrolls of vulnerability
 F - 4 scrolls of amnesia
 G - a scroll of torment
 J - a scroll of noise {unknown}
 K - 2 scrolls of enchant armour
Potions
 c - a potion of mutation
 e - a potion of experience {unknown}
 i - a potion of flight {unknown}
 q - 3 potions of lignification {unknown}
 t - a potion of might {unknown}
 x - 2 potions of heal wounds {unknown}
 z - a potion of magic {unknown}
 A - a potion of brilliance {unknown}
 B - a potion of degeneration {unknown}
 H - a potion of berserk rage {unknown}
 O - a potion of haste {unknown}


   Skills:
 + Level 8.7 Fighting
 * Level 11.8 Axes
 + Level 6.1 Armour
 - Level 2.4 Dodging
 - Level 1.5 Stealth
 + Level 5.0 Invocations


You had 8 spell levels left.
You didn't know any spells.
Your spell library was empty.

Dungeon Overview and Level Annotations

Branches:
Dungeon (8/15)             Temple (1/1) D:7
   Lair: D:8-11

Altars:
Dithmenos
Fedhas
Gozag
Hepliaklqana
Kikubaaqudgha
Makhleb
Nemelex Xobeh
Okawaru
Qazlal
Ru
Sif Muna
Trog
Uskayaw
Vehumet
Wu Jian
Xom
Yredelemnul
The Shining One

Shops:
D:4 ?   D:5 *   D:7 (=

Annotations:
D:3 1 runed translucent door, Nanban's ghost, amateur DjWn
D:4 Duvessa
D:8 Erica


Message History

You are too injured to fight recklessly!
You are too injured to fight recklessly!
You barely miss the kobold. You closely miss something.
You feel very sick. Something hits you but does no damage.
The kobold hits you but does no damage.
A steam dragon comes into view.
The steam dragon hisses angrily.
You slice the kobold!! You burn the kobold.
You kill the kobold!
Beogh accepts your kill.
You closely miss something.
You feel sick. Something completely misses you.
Something hits you but does no damage.
You closely miss something.
You feel sick. The steam dragon breathes steam at you.
The ball of steam hits you!
* * * LOW HITPOINT WARNING * * *
Something hits you but does no damage.
Your library has no spells.
Unknown command.
You are engulfed in a cloud of scalding steam.
* * * LOW HITPOINT WARNING * * *
You feel sick. Something hits you but does no damage.
You climb upwards.
Reactivating autopickup.
You feel sick.
There is a stone staircase leading down here.
You feel better. Something hits you but does no damage.
Deactivating autopickup; reactivate with Ctrl-A.
You hear some strange, mumbled words.
You feel yourself slow down.
You hear some strange, mumbled words.
A bolt of poison appears from out of thin air!
The bolt of poison hits you but does no damage.
You are lethally poisoned!
You feel better.
You hear some strange, mumbled words.
A bolt of poison appears from out of thin air!
The bolt of poison hits you!!
You are poisoned.
You die...

#..............#≈P.#......
#..............#..D#......
########..............#####.)....
.................................
........................∩........
............................)....
............................)....
.................................
................@................
...............{.................
.................................
.................................
............>..................##
...........)...................#
...............................#
...............................#
............>...........[...[..#


There were no monsters in sight!

Vanquished Creatures
  A yak (D:7)
  2 steam dragons
  A water moccasin (D:4)
  5 black bears
  An ice beast (D:6)
  An orc warrior (D:8)
  2 necrophages
  2 ogres
  A centaur (D:8)
  A kobold brigand (D:8)
  A bullfrog (D:7)
  A scorpion (D:3)
  Dowan (D:4)
  6 killer bees (D:6)
  2 hounds
  2 iguanas
  3 orc priests
  Terence (D:2)
  6 orc wizards
  A hound zombie (D:5)
  9 adders
  2 shadow imps
  2 white imps
  An adder skeleton (D:4)
  A worm (D:3)
  2 dart slugs
  30 orcs
  3 ball pythons
  7 bats
  9 endoplasms
  4 giant cockroaches
  7 goblins
  9 hobgoblins
  13 jackals
  A quokka (D:1)
  4 frilled lizards
  10 kobolds
  11 rats
166 creatures vanquished.

Vanquished Creatures (others)
  An iguana (D:5)
  An orc wizard (D:5)
  An orc (D:5)
  3 jackals
  A rat (D:3)
  3 plants
10 creatures vanquished.

Grand Total: 176 creatures vanquished

Notes
Turn   | Place    | Note
-------+----------+-------------------------------------------
     0 | D:1      | Gwenloh the Hill Orc Monk began the quest for the Orb.
     0 | D:1      | Reached XP level 1. HP: 19/19 MP: 1/1
   229 | D:1      | Reached XP level 2. HP: 15/27 MP: 2/2
   658 | D:1      | Reached XP level 3. HP: 17/34 MP: 3/3
  1381 | D:2      | Reached skill level 5 in Axes
  1548 | D:2      | Found a faded altar of an unknown god.
  1719 | D:2      | Reached XP level 4. HP: 41/41 MP: 4/4
  2269 | D:2      | Reached skill level 5 in Fighting
  2382 | D:2      | Noticed Terence
  2396 | D:2      | Killed Terence
  2612 | D:3      | Reached XP level 5. HP: 41/48 MP: 5/5
  2655 | D:3      | Found a runed translucent door.
  2727 | D:3      | Reached skill level 6 in Axes
  2888 | D:3      | Noticed Nanban's ghost (amateur DjWn)
  3318 | D:3      | Found a radiant altar of Vehumet.
  3771 | D:4      | Noticed an ogre
  3775 | D:4      | Killed an ogre
  3776 | D:4      | Reached skill level 1 in Armour
  3776 | D:4      | Reached XP level 6. HP: 57/57 MP: 6/6
  3777 | D:4      | Noticed a black bear
  3798 | D:3      | Reached skill level 7 in Axes
  4161 | D:4      | Noticed a necrophage
  4217 | D:3      | Killed a necrophage
  4442 | D:4      | Reached XP level 7. HP: 63/63 MP: 7/7
  4502 | D:4      | Reached skill level 8 in Axes
  4635 | D:4      | Found a shimmering altar of Xom.
  4658 | D:4      | Identified the +1 robe "Ysmilucs" {Rampage +Blink rF+
                  | Dex-5}
  4664 | D:4      | Found a sacrificial altar of Ru.
  4666 | D:4      | Noticed Duvessa
  4666 | D:4      | Noticed Dowan
  4722 | D:4      | Found Warieq's Magic Scroll Emporium.
  4774 | D:4      | Bought a scroll of identify for 24 gold pieces
  4774 | D:4      | Bought a scroll of identify for 24 gold pieces
  4774 | D:4      | Bought a scroll of identify for 24 gold pieces
  4774 | D:4      | Bought a scroll of identify for 24 gold pieces
  5072 | D:4      | Killed Dowan
  5258 | D:5      | Entered Level 5 of the Dungeon
  5300 | D:5      | Reached skill level 9 in Axes
  5300 | D:5      | Reached XP level 8. HP: 55/71 MP: 8/8
  5545 | D:5      | Became a worshipper of Beogh the Brigand
  5545 | D:5      | Reached * piety under Beogh
  5545 | D:5      | Reached ** piety under Beogh
  5717 | D:5      | Found Mitt's Assorted Antiques.
  6264 | D:5      | Reached skill level 1 in Invocations
  6745 | D:4      | Identified the +1 scale mail of Trial and Error {-Cast
                  | rCorr Dex+7}
  6898 | D:6      | Reached skill level 10 in Axes
  7571 | D:6      | Reached skill level 5 in Armour
  7699 | D:6      | Identified the +6 hunting sling of Fofrimatz {venom, rF+
                  | rN+}
  8019 | D:6      | Reached XP level 9. HP: 78/81 MP: 11/11
  8407 | D:6      | HP: 1/81 [yak (6)]
  8875 | D:7      | Found a staircase to the Ecumenical Temple.
  8891 | D:6      | Reached skill level 11 in Axes
  8901 | Temple   | Entered the Ecumenical Temple
  8962 | D:7      | Found Cuanairo's Hydra Hut.
  8983 | D:7      | Noticed a six-headed hydra
  8992 | D:7      | Bought a +1 battleaxe of flaming for 243 gold pieces
  9025 | D:7      | Found Pagrasch's Jewellery Emporium.
  9590 | D:8      | Noticed Erica
  9666 | D:8      | Reached skill level 5 in Invocations
  9677 | D:7      | Killed from afar by Erica

Illustrated notes

Levels and vault maps discovered:
D:1:      lemuel_arrival_muddy, layout_basic
D:2:      layout_loops_ring, ebering_ecumenical_altar_mist,
          grunt_decor_mini_mirrors, uniq_terence
D:3:      layout_basic, fiery_altar_vehumet, ebering_ghost_reflecting_pool,
          grunt_ministairs_13, minmay_misc_feat_nine_boxes
D:4:      layout_rooms, hangedman_ru_absence, xom_teletrap_fun, serial_shops,
          shop, hangedman_glass_garden, kennysheep_dice, uniq_duvessa
D:5:      layout_basic, nicolae_take_the_stairs, minivault_1, glass_columns_a,
          minmay_door_square
D:6:      layout_loops_ring
D:7:      layout_gridville, temple_statues, serial_shops, shop,
          doesnt_shop_hydraphobe
D:8:      lemuel_ice_spiral_2, layout_basic, slow_altar_1, serial_bayou_pond_e,
          hangedman_abyss_or_decor_jellyfish_corner, uniq_erica
Temple:   eino_wide_crystal_templ

Skill      XL: |  1  2  3  4  5  6  7  8  9 |
---------------+----------------------------+-----
Fighting       | 4 5 6 7 8 |  8.7
Axes           | 5 6 7 9 10 11 | 11.8
Armour         | 1 2 3 5 6 |  6.1
Invocations    | 3 5 |  5.0
Dodging        | |  2.4
Stealth        | |  1.5

Action                   |  1- 3 |  4- 6 |  7- 9 || total
-------------------------+-------+-------+-------++-------
Melee: Hand axe          |   122 |   149 |   254 ||   525
       Battleaxe         |       |       |    17 ||    17
 Fire: Hunting sling     |       |   105 |   136 ||   241
Throw: Javelin           |     1 |     3 |       ||     4
Invok: Smiting           |       |       |     6 ||     6
       Convert to Beogh  |       |       |     1 ||     1
Evoke: Wand              |       |     8 |     3 ||    11
  Use: Scroll            |       |     4 |    11 ||    15
       Potion            |       |     1 |     4 ||     5
 Stab: Sleeping          |     2 |       |       ||     2
Armor: Robe              |    10 |       |       ||    10
       Leather armour    |    20 |    14 |       ||    34
       Ring mail         |       |    25 |       ||    25
       Scale mail        |       |    23 |   185 ||   208
Dodge: Dodged            |    79 |   103 |   155 ||   337
